 Dungeon Crawl Stone Soup version 0.22-a0-268-g1cc83ef (webtiles) character file.

319 tidbits the Insei (level 6, 0/47 HPs)
             Began as a Gnoll Transmuter on Mar 9, 2018.
             Slain by a sky beast (4 damage)
             ... on level 5 of the Dungeon.
             The game lasted 00:06:50 (688 turns).

tidbits the Insei (Gnoll Transmuter)                 Turns: 688, Time: 00:06:51

Health: 0/47       AC:  2    Str: 12    XL:     6   Next: 46%
Magic:  2/14       EV: 24    Int: 14    God:
Gold:   78         SH:  0    Dex: 23    Spells: 9/15 levels left

rFire    . . .     SeeInvis .     - Unarmed
rCold    . . .     Gourm    .   (shield currently unavailable)
rNeg     . . .     Faith    .   (armour currently unavailable)
rPois    x         Spirit   .   (helmet currently unavailable)
rElec    .         Reflect  .   (cloak currently unavailable)
rCorr    .         Harm     .   (gloves currently unavailable)
MR       .....                  (boots currently unavailable)
Stlth    ++........             (no amulet)
HPRegen  0.15/turn              g - -3 ring of intelligence
MPRegen  0.14/turn              j - +2 ring of dexterity

@: spider-form, very slightly contaminated
A: tiny, distributed training, strong nose
a: End Transformation


You were on level 5 of the Dungeon.
You were hungry.
You were a venomous arachnid creature.
You visited 1 branch of the dungeon, and saw 5 of its levels.

You collected 99 gold pieces.
You spent 21 gold pieces at shops.

Inventory:

Hand Weapons
 c - a +0 dagger
 h - a +0 hunting sling
Missiles
 a - 16 arrows
 f - 20 poisoned needles
 i - 13 stones (quivered)
Armour
 b - a +0 robe
 e - a cursed -2 leather armour (melded)
 E - a cursed +0 helmet (melded)
Magical Staves
 n - an uncursed staff of power {unknown}
   (You found it on level 5 of the Dungeon)
Jewellery
 g - a -3 ring of intelligence (left front leg)
   (You found it on level 1 of the Dungeon)
 j - a +2 ring of dexterity (right front leg)
   (You found it on level 2 of the Dungeon)
Wands
 o - a wand of clouds (3)
Scrolls
 m - a scroll of teleportation {unknown}
Potions
 k - a potion of curing
 l - a potion of cancellation {unknown}
 q - a potion of resistance {unknown}
Comestibles
 d - 5 rations


   Skills:
 + Level 3.2 Fighting
 + Level 1.9 Short Blades
 + Level 1.9 Long Blades
 + Level 1.9 Axes
 + Level 1.9 Maces & Flails
 + Level 1.9 Polearms
 + Level 1.9 Staves
 + Level 1.9 Slings
 + Level 1.9 Bows
 + Level 1.9 Crossbows
 + Level 1.9 Throwing
 + Level 1.9 Armour
 + Level 5.0 Dodging
 + Level 1.9 Stealth
 + Level 1.9 Shields
 + Level 6.8 Unarmed Combat
 + Level 5.3 Spellcasting
 + Level 1.5 Conjurations
 + Level 1.5 Hexes
 + Level 1.5 Charms
 + Level 1.5 Summonings
 + Level 1.5 Necromancy
 + Level 1.5 Translocations
 + Level 4.1 Transmutations
 + Level 1.5 Fire Magic
 + Level 1.5 Ice Magic
 + Level 1.5 Air Magic
 + Level 1.5 Earth Magic
 + Level 1.5 Poison Magic
 + Level 2.1 Invocations
 + Level 1.9 Evocations


You had 9 spell levels left.
You knew the following spells:

 Your Spells              Type           Power        Failure   Level  Hunger
e - Beastly Appendage     Tmut           ###...       11%         1    None
k - Sticks to Snakes      Tmut           ###.....     14%         2    ##.....
p - Spider Form           Tmut/Pois      ##........   34%         3    ###....


Dungeon Overview and Level Annotations

Branches:
Dungeon (5/15)
 Temple: D:4-7

Altars:
Dithmenos
Okawaru
Yredelemnul

Shops:
D:5 [


Innate Abilities, Weirdness & Mutations

Your experience applies equally to all skills.
((You have very sharp teeth.))
Your uncanny sense of smell can sniff out nearby items.


Message History

The orc is heavily wounded.
The orc hits you.
* * * LOW HITPOINT WARNING * * *
You bite the orc!
You kill the orc!
You see here a scale mail.
Your transformation is almost over.
An ogre comes into view. It is wielding a giant club.
Found an escape hatch in the ceiling.
Casting: Spider Form (slightly dangerous; 36% risk of failure)
Confirm with . or Enter, or press ? or * to list all spells.
You create a snake!
You now have 16 arrows.
Your transformation has ended.
Your cursed -2 leather armour unmelds from your body.
Your ball python bites the ogre.
Casting: Sticks to Snakes (safe; 6% risk of failure)
Confirm with . or Enter, or press ? or * to list all spells.
You miscast Spider Form.
You are very lightly contaminated with residual magic.
You feel faint for a moment. The ogre misses you.
Your ball python barely misses the ogre.
Casting: Spider Form (safe; 22% risk of failure)
Confirm with . or Enter, or press ? or * to list all spells.
You miscast Spider Form.
Multicoloured lights dance before your eyes!
Your ball python barely misses the ogre.
The ogre barely misses you.
Okay, then.
Evoke which item? (* to show all) (? for menu, Esc to quit)
Aiming: Cloud Cone
Press: ? - help, Dir - move target cursor, f - ogre
Aim: an ogre, wielding a giant club (lightly wounded)
You create a blast of poison gas!
Your ball python bites the ogre but does no damage.
The ogre is engulfed in poison gas.
The ogre is poisoned.
The ogre hits you with a giant club!
* * * LOW HITPOINT WARNING * * *
Your ball python bites the ogre.
You hit the ogre but do no damage.
The ogre is heavily wounded.
Your ball python bites the ogre.
You completely miss the ogre.
The ogre is heavily wounded.
The ogre is engulfed in poison gas.
The ogre looks even sicker.
The ogre barely misses you.
Your ball python bites the ogre.
You catch the helpless ogre completely off-guard!
You hit the ogre.
The ogre is severely wounded.
Your ball python bites the ogre.
The ogre is engulfed in poison gas.
The ogre looks even sicker.
The ogre hits you with a giant club.
* * * LOW HITPOINT WARNING * * *
You punch the ogre!
You kill the ogre!
Your Dodging skill increases to level 5!
Found Fikuijio's Armour Shop.
Found 16 stones.
There is a fountain of clear blue water here.
There is an entrance to Fikuijio's Armour Shop here.
p - a cursed +0 helmet Thank you for shopping at Fikuijio's Armour Shop!
Wear which item? (? for menu, Esc to quit)
Really wear
p - a cursed +0 helmet?
You start putting on your armour.
You continue putting on your cursed +0 helmet. x4
You finish putting on your cursed +0 helmet.
Oops, that feels deathly cold.
Adjust (i)tems, (s)pells, or (a)bilities?
Adjust which item? (? for menu, Esc to quit)
p - a cursed +0 helmet (worn)
Adjust to which letter? (? for menu, Esc to quit)
E - a cursed +0 helmet (worn)
There is a fountain of clear blue water here.
A sky beast comes into view.
Casting: Spider Form (safe; 21% risk of failure)
Confirm with . or Enter, or press ? or * to list all spells.
You turn into a venomous arachnid creature.
Your cursed +0 helmet melds into your body.
Your cursed -2 leather armour melds into your body.
You barely miss the sky beast. The sky beast misses you.
You bite the sky beast!
The sky beast is poisoned.
The sky beast is moderately wounded.
Your ball python barely misses the sky beast.
The sky beast hits you.
* * * LOW HITPOINT WARNING * * *
The sky beast shocks you.
* * * LOW HITPOINT WARNING * * *
You hit the sky beast but do no damage.
The sky beast is moderately wounded.
Your ball python barely misses the sky beast.
The sky beast hits you.
* * * LOW HITPOINT WARNING * * *
The sky beast shocks you.
* * * LOW HITPOINT WARNING * * *
You barely miss the sky beast.
The sky beast is moderately wounded.
Your ball python withers and dies!
You bite the sky beast!
The sky beast is severely wounded.
The sky beast hits you.
You die...

*** **,*** *###** ,,,,,**##**
*####...,**** ,,,,,,,#..**
##.......,,,,** ,,,,,,,,#..##*
#........,,,,,*
,,,,,,,,**#..###....<....,,,,*
,,,,,,,,* **#..#sY........,,,*
*,,,,,,,* ##..............,,*
********* ##...#............,*
##...##.)..........#* #####
#...###............#
####...###..## #............#
.....⌠.⌠#..## ##...........#**
......∩...## #............,**
.....⌠.⌠.## ##..........#,,**


You could see a sky beast.

Vanquished Creatures
  Eustachio (D:5)
  An ogre (D:5)
  A bullfrog skeleton (D:4)
  A howler monkey skeleton (D:5)
  2 adders
  A worm (D:2)
  2 dart slugs
  2 orcs
  A ball python (D:3)
  3 bats
  5 giant cockroaches
  5 goblins
  4 hobgoblins
  A quokka (D:2)
  4 frilled lizards
  5 kobolds (D:1)
  5 rats
44 creatures vanquished.

Vanquished Creatures (collateral kills)
  A frilled lizard (D:1)
1 creature vanquished.

Grand Total: 45 creatures vanquished

Notes
Turn   | Place    | Note
-------+----------+-------------------------------------------
     0 | D:1      | tidbits the Gnoll Transmuter began the quest for the Orb.
     0 | D:1      | Reached XP level 1. HP: 17/17 MP: 6/6
   101 | D:1      | Reached XP level 2. HP: 18/23 MP: 5/7
   109 | D:1      | Learned a level 2 spell: Sticks to Snakes
   144 | D:2      | HP: 2/23 [poisoned by an adder]
   178 | D:2      | Reached XP level 3. HP: 14/28 MP: 7/9
   198 | D:2      | Reached skill level 5 in Spellcasting
   207 | D:2      | Learned a level 3 spell: Spider Form
   252 | D:2      | Found a basalt altar of Yredelemnul.
   252 | D:2      | Found a shadowy altar of Dithmenos.
   289 | D:2      | Reached skill level 1 in Invocations
   366 | D:2      | Found an iron altar of Okawaru.
   473 | D:3      | Reached skill level 1 in Short Blades
   473 | D:3      | Reached skill level 1 in Long Blades
   473 | D:3      | Reached skill level 1 in Axes
   473 | D:3      | Reached skill level 1 in Maces & Flails
   473 | D:3      | Reached skill level 1 in Polearms
   473 | D:3      | Reached skill level 1 in Staves
   473 | D:3      | Reached skill level 1 in Slings
   473 | D:3      | Reached skill level 1 in Bows
   473 | D:3      | Reached skill level 1 in Crossbows
   473 | D:3      | Reached skill level 1 in Throwing
   473 | D:3      | Reached skill level 1 in Armour
   473 | D:3      | Reached skill level 1 in Stealth
   473 | D:3      | Reached skill level 1 in Shields
   473 | D:3      | Reached skill level 1 in Evocations
   477 | D:3      | Reached XP level 4. HP: 16/34 MP: 1/11
   494 | D:5      | Entered Level 5 of the Dungeon
   520 | D:5      | Noticed Eustachio
   548 | D:4      | Reached skill level 1 in Conjurations
   548 | D:4      | Reached skill level 1 in Hexes
   548 | D:4      | Reached skill level 1 in Charms
   548 | D:4      | Reached skill level 1 in Summonings
   548 | D:4      | Reached skill level 1 in Necromancy
   548 | D:4      | Reached skill level 1 in Translocations
   548 | D:4      | Reached skill level 1 in Fire Magic
   548 | D:4      | Reached skill level 1 in Ice Magic
   548 | D:4      | Reached skill level 1 in Air Magic
   548 | D:4      | Reached skill level 1 in Earth Magic
   548 | D:4      | Reached skill level 1 in Poison Magic
   564 | D:5      | Killed Eustachio
   564 | D:5      | Reached skill level 3 in Fighting
   564 | D:5      | Reached skill level 4 in Transmutations
   564 | D:5      | Reached skill level 2 in Invocations
   564 | D:5      | Reached XP level 5. HP: 10/41 MP: 1/12
   564 | D:5      | Reached XP level 6. HP: 12/47 MP: 1/13
   656 | D:5      | Reached skill level 5 in Dodging
   662 | D:5      | Found Fikuijio's Armour Shop.
   668 | D:5      | Bought a cursed +0 helmet for 21 gold pieces
   680 | D:5      | Noticed a sky beast
   686 | D:5      | HP: 3/47 [sky beast (5)]
   688 | D:5      | Slain by a sky beast

Vault maps used:
D:1:      lemuel_arrival_behind_the_door_large
D:2:      old_standard_altar, nicolae_overflow_hidden_temple,
          minmay_pentomino_s2
D:3:      minmay_overflow_temple_star_quad, lemuel_crystal_altar,
          chequers_ecumenical_altar_simple, minmay_misc_feat_four_crosses
D:4:      minmay_temple_entry_fiery, serial_shops, shop, first_ration
D:5:      serial_shops, shop_fountains, uniq_edmund, uniq_crazy_yiuf_cottage,
          uniq_eustachio, uniq_ijyb

Skill      XL: |  1  2  3  4  5  6 |
---------------+-------------------+-----
Spellcasting   | 5 |  5.3
Invocations    | 1 2 |  2.1
Short Blades   | 1 |  1.9
Long Blades    | 1 |  1.9
Axes           | 1 |  1.9
Maces & Flails | 1 |  1.9
Polearms       | 1 |  1.9
Staves         | 1 |  1.9
Slings         | 1 |  1.9
Bows           | 1 |  1.9
Crossbows      | 1 |  1.9
Throwing       | 1 |  1.9
Armour         | 1 |  1.9
Stealth        | 1 |  1.9
Shields        | 1 |  1.9
Evocations     | 1 |  1.9
Conjurations   | 1 |  1.5
Hexes          | 1 |  1.5
Charms         | 1 |  1.5
Summonings     | 1 |  1.5
Necromancy     | 1 |  1.5
Translocations | 1 |  1.5
Fire Magic     | 1 |  1.5
Ice Magic      | 1 |  1.5
Air Magic      | 1 |  1.5
Earth Magic    | 1 |  1.5
Poison Magic   | 1 |  1.5
Fighting       | 3 |  3.2
Transmutations | 4 |  4.1
Dodging        | 5 |  5.0
Unarmed Combat | |  6.8

Action                   |  1- 3 |  4- 6 || total
-------------------------+-------+-------++-------
Melee: Unarmed           |    62 |    28 ||    90
       Kick              |     6 |       ||     6
       Headbutt          |     1 |       ||     1
       Bite              |     1 |       ||     1
 Cast: Beastly Appendage |     6 |       ||     6
       Sticks to Snakes  |     4 |     1 ||     5
       Spider Form       |     8 |     4 ||    12
Evoke: Wand              |       |     2 ||     2
  Use: Potion            |     2 |       ||     2
       Scroll            |       |     4 ||     4
 Stab: Distracted        |     1 |     2 ||     3
       Sleeping          |     1 |       ||     1
Armor: Robe              |     3 |     4 ||     7
       Skin              |     1 |       ||     1
Dodge: Dodged            |    32 |    22 ||    54

Table legend:
 A = Spawn XP
 B = Non-spawn XP
 C = Spawn XP percentage of total XP
 D = Spawn monster count
 E = Non-spawn monster count
 F = Spawn count percentage of total count
 G = Total turns spent on level
                    A         B        C        D         E        F      G
               +---------+---------+-------+---------+---------+-------+---------
         Total |       0 |     457 |   0.0 |       0 |      45 |   0.0 |   688
               +---------+---------+-------+---------+---------+-------+---------
           D:1 |       0 |      22 |   0.0 |       0 |      16 |   0.0 |   178
           D:2 |       0 |      48 |   0.0 |       0 |      19 |   0.0 |   269
           D:3 |       0 |      21 |   0.0 |       0 |       4 |   0.0 |    36
           D:4 |       0 |      44 |   0.0 |       0 |       2 |   0.0 |    35
           D:5 |       0 |     322 |   0.0 |       0 |       4 |   0.0 |   170
               +---------+---------+-------+---------+---------+-------+---------

Table legend:
 A = Turns spent in this place as a percentage of turns spent in the entire game.
 B = Non-inter-level travel turns spent in this place as a percentage of non-inter-level travel turns spent in the entire game.
 C = Inter-level travel turns spent in this place as a percentage of turns spent in this place.
 D = Turns resting spent in this place as a percentage of non-inter-level travel turns spent in this place.
 E = Turns spent auto-exploring this place as a percentage of non-inter-level travel turns spent in this place.
 F = Non-inter-level travel turns spent in this place divided by the number of levels of this place that you've seen.
                   A       B       C       D       E      F
               +-------+-------+-------+-------+-------+----------------------
         Total | 100.0 | 100.0 |   0.0 |   0.0 |   0.0 | 137.6
       Dungeon | 100.0 | 100.0 |   0.0 |   0.0 |   0.0 | 137.6
               +-------+-------+-------+-------+-------+----------------------

Table legend:
 A = Kills in this place as a percentage of kills in entire the game.
 B = Kills by you in this place as a percentage of kills by you in the entire game.
 C = Kills by friends in this place as a percentage of kills by friends in the entire game.
 D = Other kills in this place as a percentage of other kills in the entire game.
 E = Experience gained in this place as a percentage of experience gained in the entire game.
 F = Experience gained in this place divided by the number of levels of this place that you have seen.
                   A       B       C       D       E      F
               +-------+-------+-------+-------+-------+----------------------
         Total | 100.0 | 100.0 | 100.0 |   N/A | 100.0 |  91.4
       Dungeon | 100.0 | 100.0 | 100.0 |   N/A | 100.0 |  91.4
               +-------+-------+-------+-------+-------+----------------------

Vault maps used:
D:1:      lemuel_arrival_behind_the_door_large
D:2:      old_standard_altar, nicolae_overflow_hidden_temple,
          minmay_pentomino_s2
D:3:      minmay_overflow_temple_star_quad, lemuel_crystal_altar,
          chequers_ecumenical_altar_simple, minmay_misc_feat_four_crosses
D:4:      minmay_temple_entry_fiery, serial_shops, shop, first_ration
D:5:      serial_shops, shop_fountains, uniq_edmund, uniq_crazy_yiuf_cottage,
          uniq_eustachio, uniq_ijyb
